 Dungeon Crawl Stone Soup version 0.20-a0-1006-ge6c5631 (webtiles) character file.

445224 Duffy the Executioner (level 25, -2/237 HPs)
             Began as a Formicid Fighter on Apr 13, 2017.
             Was the Champion of Makhleb.
             Engulfed by a cloud of flame (4 damage)
             ... on level 3 of the Depths.
             The game lasted 00:58:28 (48017 turns).

Duffy the Executioner (Formicid Fighter)           Turns: 48017, Time: 00:58:28

Health: -2/237     AC: 25    Str: 32    XL:     25   Next: 68%
Magic:  25/25      EV: 16    Int: 11    God:    Makhleb [******]
Gold:   2654       SH: 35    Dex: 17    Spells: 24/24 levels left

rFire    + . .     SeeInvis +   E - +2 battleaxe (elec)
rCold    + + .     Gourm    .   C - +6 large shield of Submission {-Cast Dex+3}
rNeg     . . .     Faith    .   a - +2 plate armour {rC+}
rPois    .         Spirit   .   (helmet unavailable)
rElec    +         Reflect  +   F - +0 cloak
rCorr    +         Harm     .   o - +1 pair of gloves
MR       ++...     NoCast   +   z - +2 pair of boots of the Assassin {Detection Stab+ Stlth++}
Stlth    ..........             w - +4 amulet of reflection
Regen    0.5/turn               v - +5 ring of evasion
MPRegen  0.2/turn               p - ring of Mosupteox {rCorr rElec Dex+4 Slay+3}

@: no status effects
A: permanent stasis, dig shafts and tunnels, four strong arms, antennae 3,
repulsion field 1, clever 1, cold resistance 1, deformed body, fire resistance
1, high mp 1, robust 1, electricity resistance
}: 1/15 runes: serpentine
a: Dig, Shaft Self, Minor Destruction, Lesser Servant of Makhleb, Major
Destruction, Greater Servant of Makhleb, Renounce Religion


You were on level 3 of the Depths.
You worshipped Makhleb.
Makhleb was exalted by your worship.
You were not hungry.

You visited 8 branches of the dungeon, and saw 38 of its levels.
You visited 1 bazaar.
You also visited: Wizlab and Desolation.

You collected 4223 gold pieces.
You spent 1569 gold pieces at shops.

Inventory:

Hand Weapons
 E - a +2 battleaxe of electrocution (weapon)
Missiles
 n - 3 throwing nets (quivered)
Armour
 a - a +2 plate armour of cold resistance (worn)
 o - a +1 pair of gloves (worn)
 z - the +2 pair of boots of the Assassin (worn) {Detection Stab+ Stlth++}
   (You found it in the Desolation of Salt)

   It makes you much more stealthy.
 C - the +6 large shield of Submission (worn) {-Cast Dex+3}
   (You took it off Louise on level 3 of the Elven Halls)

   It affects your dexterity (+3).
   It prevents spellcasting.
 F - a +0 cloak (worn)
Jewellery
 c - an uncursed ring of protection from fire
 e - the ring of the Blind Eye {Wiz rElec Slay+3}
   (You took it off a deep elf demonologist on level 3 of the Elven Halls)

   [ring of wizardry]

   It improves your spell success rate.
   It affects your accuracy and damage with ranged weapons and melee attacks
   (+3).
   It insulates you from electricity.
 j - the ring "Tupepneg" {+Inv rElec MR+ Stlth+}
   (You took it off a deep elf annihilator on level 3 of the Elven Halls)

   [ring of stealth]

   It insulates you from electricity.
   It affects your resistance to hostile enchantments.
   It lets you turn invisible.
   It makes you more stealthy.
 p - the ring of Mosupteox (right hand) {rCorr rElec Dex+4 Slay+3}
   (You found it in the Desolation of Salt)

   [ring of resist corrosion]

   It affects your dexterity (+4).
   It affects your accuracy and damage with ranged weapons and melee attacks
   (+3).
   It insulates you from electricity.
 v - a +5 ring of evasion (left hand)
 w - a +4 amulet of reflection (around neck)
 A - the ring of Qulodgh {rN+ Str+5 Int-5}
   (You found it in the Desolation of Salt)

   [ring of positive energy]

   It affects your strength (+5).
   It affects your intelligence (-5).
   It protects you from negative energy.
 N - an uncursed ring of protection from cold
Scrolls
 b - 3 scrolls of silence
 g - 2 scrolls of identify
 k - 11 scrolls of fear
 l - 2 scrolls of immolation
 t - 3 scrolls of fog
 u - 6 scrolls of enchant weapon
 x - 11 scrolls of recharging
 D - 3 scrolls of magic mapping
 I - 2 scrolls of summoning
 J - 8 scrolls of enchant armour
 T - 12 scrolls of remove curse
Potions
 d - 7 potions of might
 i - 6 potions of agility
 m - 10 potions of heal wounds
 q - 2 potions of invisibility
 r - 17 potions of flight
 s - 17 potions of curing
 B - 4 potions of mutation
 G - a potion of cancellation
 L - a potion of resistance
 P - 7 potions of ambrosia
 Q - 4 potions of magic
Comestibles
 f - 20 bread rations
 h - 24 royal jellies
 H - 40 fruits
 K - 4 meat rations


   Skills:
 + Level 21.8 Fighting
 + Level 23.6 Axes
 + Level 21.7 Armour
 + Level 20.1 Shields


You had 24 spell levels left.
You didn't know any spells.

Dungeon Overview and Level Annotations

Branches:
Dungeon (15/15)            Temple (1/1) D:6            Lair (6/6) D:9
  Swamp (0/4) Lair:3        Snake (4/4) Lair:3        Slime (0/5) Lair:5
    Orc (2/2) D:9             Elf (3/3) Orc:2        Vaults (4/5) D:14
  Crypt (0/3) Vaults:3     Depths (3/5) D:15

Altars:
Ashenzari
Cheibriados
Dithmenos
Elyvilon
Fedhas
Gozag
Hepliaklqana
Kikubaaqudgha
Makhleb
Nemelex Xobeh
Okawaru
Qazlal
Ru
Sif Muna
Trog
Uskayaw
Vehumet
Wu Jian
Xom
Yredelemnul
Zin
The Shining One

Shops:
D:9 *   D:11 *   D:13 (   Orc:2 =(=?   Elf:1 %   Snake:1 [!

Portals:
Hell: Depths:1 Depths:2
Pandemonium: Depths:2
Ziggurat: Depths:1

Annotations:
Lair:1 exclusion: oklob plant
Lair:6 exclusion: oklob plant
Depths:3 Mara


Innate Abilities, Weirdness & Mutations

You cannot be hasted, slowed, berserked, paralysed or teleported.
You can dig through walls and to a lower floor.
Your four strong arms can wield two-handed weapons with a shield.
You have a pair of large antennae on your head. (SInv)
You are surrounded by a mild repulsion field. (EV +2)
Your mind is acute. (Int +2)
Your flesh is cold resistant. (rC+)
Armour fits poorly on your strangely shaped body.
Your flesh is heat resistant. (rF+)
You have an increased reservoir of magic. (+10% MP)
You are robust. (+10% HP)
You are resistant to electric shocks. (rElec)


Message History

You are engulfed in blazing flames.
You resist.
You are engulfed in blazing flames.
You resist.
You are engulfed in blazing flames.
You resist.
You are engulfed in blazing flames.
You resist.
You are engulfed in blazing flames.
You resist.
You are engulfed in blazing flames.
You resist.
You are engulfed in blazing flames.
You resist.
You are engulfed in blazing flames.
You resist.
You are engulfed in blazing flames.
You resist.
You are engulfed in blazing flames.
You resist.
You are engulfed in blazing flames.
You resist.
You are engulfed in blazing flames.
You resist.
You are engulfed in blazing flames.
You resist.
You are engulfed in blazing flames.
You resist.
You are engulfed in blazing flames.
You resist.
You are engulfed in blazing flames.
You resist.
You are engulfed in blazing flames.
You resist.
Mara, Lord of Illusions comes into view.
He is wielding a demon trident of venom.
You are engulfed in blazing flames.
You resist.
You die...

##.###..00..
....##.~.....
#..##...~R...############
#.....................?)#
##.#..$.......8..8......#
.#.#....................#
.....%.##....8....8.....#
#..#.[.........00.....7#
...>([.........0@......#
#.....(.~(...8....8....#
..........%..))........#
.............)8..8...7..7
.........)(..)).........#
..).......~.0####.......#
..)#)....~..~0~ #....7.77
%.(#...~~0~00~~.#7..####
....)..~0~~.~.~<# .7#


You could see Mara (wandering).

Vanquished Creatures
  A juggernaut (Depths:2)
  Saint Roka (Elf:3)
  Frederick (Vaults:4)
  2 caustic shrikes (Depths:2)
  Jorgrun (Vaults:3)
  Rupert (Lair:5)
  A lich (Depths:2)
  2 deep elf blademasters
  Gastronok (Lair:2)
  A quicksilver dragon (Depths:2)
  A tentacled starspawn (WizLab)
  5 sphinxes
  2 tengu reavers (Depths:2)
  Roxanne (Elf:3)
  15 nagarajas
  7 frost giants
  6 fire giants
  11 deep elf sorcerers
  Louise (Elf:3)
  An imperial myrmidon (Desolation)
  12 vault wardens
  13 stone giants
  5 deep elf elementalists (Elf:3)
  13 ironheart preservers
  An entropy weaver (Vaults:4)
  2 war gargoyles
  9 deep elf demonologists
  6 very ugly things
  Azrael (D:15)
  A vampire knight (Depths:2)
  4 spark wasps
  6 deep elf annihilators
  2 halazid warlocks (Desolation)
  2 dire elephants (Depths:3)
  7 ettins
  The ghost of kr4n3x the Basher, a journeyman GrFi of Okawaru (Lair:3)
  5 deep elf death magi
  Snorg (D:11)
  2 crystal guardians (Desolation)
  7 fire dragons
  6 rakshasas
  7 deep elf high priests
  5 great orbs of eyes
  9 ragged hierophants (Desolation)
  3 vault guards
  10 yaktaur captains
  5 spriggan air magi
  8 hydras
  35 naga warriors
  3 ice dragons
  9 servants of whispers (Desolation)
  7 peacekeepers
  A catoblepas (Lair:6)
  8 centaur warriors
  13 anacondas
  17 ogre magi
  3 death knights (Vaults:3)
  5 deep troll shamans
  24 dancing weapons
  41 two-headed ogres
  2 tengu warriors
  9 deep troll earth magi
  18 naga sharpshooters
  A vampire mage (Depths:3)
  4 shock serpents
  3 spriggan berserkers
  Urug (D:10)
  An orc high priest (Elf:2)
  The ghost of Duffy the Cleaver, a novice NaGl of Ru (D:8)
  18 deep elf knights
  Nergalle (Lair:1)
  A small abomination (Elf:3)
  4 sea snakes (Snake:4)
  A shadow wraith (Vaults:2)
  3 flayed ghosts
  2 iron trolls (Depths:2)
  2 glowing orange brains
  8 naga ritualists
  A swamp dragon (Lair:6)
  4 unseen horrors
  22 deep trolls
  21 deep elf archers
  A deep troll (shapeshifter) (D:15)
  Pikel (D:7)
  9 ironbrand convokers
  9 wizards
  7 orc knights
  2 orc sorcerers
  9 harpies (Vaults:1)
  2 necromancers
  2 fire giant zombies (Vaults:2)
  3 manticores
  6 wolf spiders
  52 deep elf magi
  52 ugly things
  A cyclops (shapeshifter) (Vaults:2)
  3 mana vipers
  5 cyclopes
  16 guardian serpents
  6 salamanders
  22 elephants
  A guardian serpent (shapeshifter) (Elf:3)
  56 black mambas
  Joseph (D:8)
  A black mamba (shapeshifter) (Vaults:4)
  27 naga magi
  18 spiny frogs
  16 vault sentinels
  2 gargoyles
  A storm dragon simulacrum (Vaults:1)
  2 komodo dragons (shapeshifter)
  12 komodo dragons
  5 rime drakes
  29 yaktaurs
  3 freezing wraiths (Vaults:4)
  An efreet (D:9)
  4 tengu conjurers (Depths:2)
  22 trolls
  A polar bear (Lair:5)
  4 meliai (shapeshifter)
  A troll (shapeshifter) (Vaults:2)
  6 meliai (D:13)
  A blink frog (shapeshifter) (Depths:2)
  A hornet (shapeshifter) (Vaults:1)
  A queen bee (D:13)
  6 blink frogs
  25 slime creatures
  4 hornets
  A snapping turtle (shapeshifter) (Depths:2)
  59 saltlings (Desolation)
  13 hippogriffs
  A human simulacrum (Vaults:2)
  A shadow (D:15)
  7 air elementals
  An ettin skeleton (Vaults:2)
  5 redbacks
  5 wyverns
  3 water elementals (Depths:1)
  Eustachio (D:3)
  A hog (shapeshifter) (Elf:2)
  2 hogs (D:7)
  A wraith (D:14)
  65 yaks
  4 basilisks
  7 fire elementals
  A human (D:7)
  A hungry ghost (D:8)
  Grum (D:10)
  3 wargs
  Edmund (D:4)
  6 swamp worms (Lair:3)
  3 steam dragons
  79 nagas
  5 acid dragons
  A hell hound (D:15)
  8 porcupines
  2 swamp drakes (Lair:6)
  2 floating eyes
  25 water moccasins
  A human zombie (Vaults:2)
  32 orc warriors
  6 sky beasts
  4 slaves (D:7)
  A hornet zombie (D:13)
  4 black bears
  3 ice beasts
  2 phantoms
  A black bear (shapeshifter) (Vaults:3)
  An ettin simulacrum (Vaults:2)
  12 boggarts
  15 wolves
  An eye of draining (D:14)
  10 centaurs
  42 ogres
  18 crocodiles
  4 big kobolds
  2 earth elementals (Elf:1)
  19 bullfrogs
  3 gnoll sergeants (D:9)
  A deep troll simulacrum (Vaults:2)
  A wyvern skeleton (D:12)
  A water moccasin skeleton (D:6)
  2 scorpions
  25 killer bees
  8 wights
  2 howler monkeys
  3 electric eels
  18 crimson imps
  A lava snake (Orc:2)
  A bullfrog zombie (D:7)
  5 centaur zombies
  7 jellies
  6 hounds
  3 quasits
  12 orc priests
  2 bullfrog skeletons
  5 centaur skeletons
  20 orc wizards
  A gnoll shaman (D:8)
  4 iguanas
  Ijyb (D:4)
  12 worker ants
  A hound skeleton (D:10)
  A worker ant zombie (D:10)
  Robin (D:3)
  2 howler monkey skeletons
  13 gnolls
  10 adders
  5 shadow imps
  An ufetubus (Depths:2)
  2 adder skeletons
  4 worms
  2 dart slugs
  6 leopard geckos
  85 orcs
  5 giant cockroaches
  21 goblins
  7 hobgoblins
  11 jackals
  4 quokkas
  2 ball pythons
  8 bats
  7 frilled lizards
  A jackal zombie (D:5)
  19 kobolds
  A quokka skeleton (D:6)
  12 rats
  A fire vortex (Depths:3)
  7 fungi
  6 plants
  3 starspawn tentacles (WizLab)
1853 creatures vanquished.

Vanquished Creatures (others)
  A deep elf master archer (Elf:3)
  A stone giant (Vaults:3)
  A deep elf demonologist (Elf:3)
  A yaktaur captain (Depths:3)
  An ice dragon (Depths:1)
  2 centaur warriors
  3 naga sharpshooters
  2 deep elf knights
  A naga ritualist (Snake:2)
  A deep elf archer (Elf:3)
  13 yaktaurs
  A saltling (Desolation)
  A wraith (Vaults:1)
  A fire elemental (Elf:3)
  2 centaurs
  An orc (D:13)
  15 fungi
  28 plants
  A starspawn tentacle (WizLab)
77 creatures vanquished.

Grand Total: 1930 creatures vanquished

Notes
Turn   | Place    | Note
-------+----------+-------------------------------------------
     0 | D:1      | Duffy the Formicid Fighter began the quest for the Orb.
     0 | D:1      | Reached XP level 1. HP: 18/18 MP: 1/1
   156 | D:1      | Reached XP level 2. HP: 22/24 MP: 2/2
   671 | D:1      | Reached XP level 3. HP: 29/29 MP: 3/3
  1405 | D:2      | Reached skill level 5 in Shields
  1459 | D:2      | Reached XP level 4. HP: 35/35 MP: 4/4
  1704 | D:2      | Reached skill level 3 in Axes
  1973 | D:3      | Found a basalt altar of Yredelemnul.
  1975 | D:3      | Found a shimmering altar of Xom.
  1975 | D:3      | Found a shadowy altar of Dithmenos.
  1977 | D:3      | Found an ornate altar of the Wu Jian Council.
  1977 | D:3      | Found a sparkling altar of Nemelex Xobeh.
  1977 | D:3      | Found a deep blue altar of Sif Muna.
  2151 | D:3      | Noticed Robin
  2197 | D:3      | Reached XP level 5. HP: 36/41 MP: 5/5
  2218 | D:3      | Killed Robin
  2612 | D:3      | Found a hide-covered altar of Uskayaw.
  2612 | D:3      | Found a bloodstained altar of Trog.
  2708 | D:4      | Noticed Eustachio
  2742 | D:3      | Killed Eustachio
  2742 | D:3      | Reached skill level 4 in Axes
  2742 | D:3      | Reached XP level 6. HP: 44/47 MP: 6/6
  2817 | D:4      | Noticed Ijyb
  2848 | D:4      | Killed Ijyb
  2871 | D:4      | Found a hazy altar of Hepliaklqana.
  3128 | D:4      | Reached skill level 5 in Axes
  3128 | D:4      | Reached XP level 7. HP: 52/52 MP: 7/7
  3388 | D:4      | Noticed Blork the orc
  3411 | D:4      | Noticed Blork
  3411 | D:4      | Blork the orc changed into Blork the worm
  3418 | D:4      | Killed Blork the worm
  3455 | D:4      | Noticed Edmund
  3468 | D:4      | Killed Edmund
  3683 | D:4      | Found a radiant altar of Vehumet.
  3685 | D:4      | Found a glowing silver altar of Zin.
  3690 | D:4      | Found a snail-covered altar of Cheibriados.
  3692 | D:4      | Found a shimmering altar of Xom.
  3779 | D:5      | Entered Level 5 of the Dungeon
  3930 | D:5      | Reached XP level 8. HP: 58/58 MP: 8/8
  4031 | D:5      | Reached skill level 6 in Axes
  4840 | D:6      | Found a staircase to the Ecumenical Temple.
  4845 | Temple   | Entered the Ecumenical Temple
  5275 | D:6      | Reached skill level 7 in Axes
  5769 | D:7      | Reached XP level 9. HP: 65/65 MP: 9/9
  6382 | D:7      | Reached skill level 8 in Axes
  6389 | D:7      | Reached skill level 5 in Fighting
  6389 | D:7      | Reached skill level 5 in Armour
  6417 | D:7      | Noticed a manticore
  6438 | D:7      | Killed a manticore
  6438 | D:7      | Reached skill level 9 in Axes
  6815 | D:7      | Noticed Pikel
  6827 | D:7      | Reached XP level 10. HP: 76/76 MP: 10/10
  6893 | D:7      | Killed Pikel
  7256 | D:7      | Reached skill level 10 in Axes
  7840 | D:8      | Noticed Duffy's ghost (novice NaGl)
  9029 | D:7      | Noticed a two-headed ogre
  9179 | D:7      | Killed a two-headed ogre
  9404 | D:8      | Noticed a two-headed ogre
  9415 | D:8      | Killed a two-headed ogre
  9462 | D:8      | Reached skill level 11 in Axes
  9474 | D:8      | Reached XP level 11. HP: 73/84 MP: 11/11
  9538 | D:8      | Noticed Joseph
  9558 | D:8      | Killed Joseph
  9961 | D:8      | Killed Duffy's ghost
 10366 | D:9      | Found a staircase to the Orcish Mines.
 11185 | D:9      | Reached skill level 12 in Axes
 11310 | D:9      | Noticed a two-headed ogre
 11329 | D:9      | Killed a two-headed ogre
 11651 | D:9      | Gained mutation: You are agile. (Dex +2) [mutagenic meat]
 11676 | D:9      | Noticed a two-headed ogre
 12032 | D:9      | Killed a two-headed ogre
 12251 | D:9      | Found a burning altar of Makhleb.
 12261 | D:9      | Became a worshipper of Makhleb the Destroyer
 12603 | D:9      | Found Jym Unuo's Assorted Antiques.
 12609 | D:9      | Bought a scroll labeled MICLYIXKARA for 26 gold pieces
 12648 | D:9      | Reached XP level 12. HP: 95/95 MP: 12/12
 12783 | D:9      | Found a staircase to the Lair.
 12950 | D:9      | Bought a scroll of identify for 52 gold pieces
 12950 | D:9      | Bought 2 scrolls of identify for 104 gold pieces
 12967 | D:10     | Entered Level 10 of the Dungeon
 13229 | D:10     | Reached skill level 13 in Axes
 13251 | D:10     | Noticed Urug
 13258 | D:10     | Killed Urug
 13259 | D:10     | Noticed Grum
 13267 | D:10     | Killed Grum
 13470 | D:10     | Noticed a two-headed ogre
 13479 | D:10     | Killed a two-headed ogre
 13479 | D:10     | Reached skill level 10 in Armour
 13535 | D:10     | Reached * piety under Makhleb
 13901 | Lair:1   | Entered Level 1 of the Lair of Beasts
 13973 | Lair:1   | Reached skill level 10 in Fighting
 14611 | Lair:1   | Reached skill level 14 in Axes
 14704 | Lair:1   | Noticed Nergalle
 14721 | Lair:1   | Killed Nergalle
 14884 | Lair:2   | Reached ** piety under Makhleb
 14884 | Lair:2   | Reached XP level 13. HP: 80/104 MP: 13/13
 15490 | Lair:2   | Noticed Gastronok
 15529 | Lair:2   | Killed Gastronok
 15748 | Lair:2   | Noticed a four-headed hydra
 15755 | Lair:2   | Killed a one-headed hydra
 15952 | Lair:2   | Reached skill level 15 in Axes
 16320 | Lair:3   | Noticed kr4n3x's ghost (journeyman GrFi)
 16792 | Lair:3   | Found a staircase to the Snake Pit.
 16809 | Lair:3   | Reached *** piety under Makhleb
 17225 | Lair:4   | Got a translucent platinum ring
 17227 | Lair:4   | Identified the ring of Horew {+Inv rPois MR- Int+2 Dex+2} (You found it on level 4 of the Lair of Beasts)
 17424 | Lair:4   | You fall through a shaft for 2 floors!
 17424 | Lair:6   | Entered Level 6 of the Lair of Beasts
 17503 | Lair:5   | Noticed Rupert
 17533 | Lair:5   | Killed Rupert
 17720 | Lair:5   | Found a staircase to the Slime Pits.
 17736 | Lair:5   | Noticed a seven-headed hydra
 17751 | Lair:5   | Killed a 15-headed hydra
 17751 | Lair:5   | Reached XP level 14. HP: 48/114 MP: 14/14
 17972 | Lair:5   | Reached **** piety under Makhleb
 18190 | Lair:5   | Reached skill level 16 in Axes
 19977 | Lair:6   | Reached ***** piety under Makhleb
 19977 | Lair:6   | Reached XP level 15. HP: 122/122 MP: 15/15
 19999 | Lair:6   | Reached skill level 17 in Axes
 20314 | Lair:6   | Lost mutation: You are agile. (Dex +2) [potion of mutation]
 20314 | Lair:6   | Gained mutation: You have very sharp teeth. [potion of mutation]
 20314 | Lair:6   | Gained mutation: You are robust. (+10% HP) [potion of mutation]
 20314 | Lair:6   | Gained mutation: You are agile. (Dex +2) [potion of mutation]
 20315 | Lair:6   | Lost mutation: You are agile. (Dex +2) [potion of mutation]
 20315 | Lair:6   | Lost mutation: You have very sharp teeth. [potion of mutation]
 20315 | Lair:6   | Gained mutation: You possess an exceptional clarity of mind. [potion of mutation]
 20315 | Lair:6   | Gained mutation: You occasionally shout uncontrollably at your foes. [potion of mutation]
 20315 | Lair:6   | Gained mutation: Your mind is acute. (Int +2) [potion of mutation]
 20315 | Lair:6   | Gained mutation: You are somewhat resistant to further mutation. [potion of mutation]
 20357 | Lair:6   | Lost mutation: You are somewhat resistant to further mutation. [potion of mutation]
 20357 | Lair:6   | Lost mutation: You possess an exceptional clarity of mind. [potion of mutation]
 20357 | Lair:6   | Lost mutation: You occasionally shout uncontrollably at your foes. [potion of mutation]
 20357 | Lair:6   | Gained mutation: You are resistant to electric shocks. (rElec) [potion of mutation]
 20357 | Lair:6   | Gained mutation: You are surrounded by a mild repulsion field. (EV +2) [potion of mutation]
 21835 | Orc:1    | Entered Level 1 of the Orcish Mines
 22051 | Orc:2    | Entered Level 2 of the Orcish Mines
 22276 | Orc:2    | Found a staircase to the Elven Halls.
 23009 | Orc:2    | Reached ****** piety under Makhleb
 23034 | Orc:2    | Reached skill level 18 in Axes
 23100 | Orc:2    | Found Wodyuxa's Magic Scroll Emporium.
 23101 | Orc:2    | Found Eschesonn's Jewellery Shop.
 23106 | Orc:2    | Found Rusk's Jewellery Boutique.
 23141 | Orc:2    | Found Imupotz's Weapon Shop.
 23611 | Orc:2    | Bought 2 scrolls of remove curse for 66 gold pieces
 23611 | Orc:2    | Bought a scroll of enchant armour for 82 gold pieces
 23611 | Orc:2    | Bought a scroll of magic mapping for 38 gold pieces
 23611 | Orc:2    | Bought a scroll of identify for 22 gold pieces
 23715 | D:11     | Found Zujiptile's General Store.
 23749 | D:11     | Found a flickering gateway to a bazaar.
 23764 | Bazaar   | Entered a bazaar
 23778 | Bazaar   | Found Bytzo's Jewellery Shoppe.
 23793 | Bazaar   | Found Icoroj's Jewellery Emporium.
 23806 | Bazaar   | Found Lareilul's Book Shoppe.
 23806 | Bazaar   | Found Pyrhic's Jewellery Emporium.
 23847 | Bazaar   | Bought a +4 amulet of reflection for 486 gold pieces
 23972 | D:11     | Noticed Snorg
 23984 | D:11     | Killed Snorg
 23984 | D:11     | Reached XP level 16. HP: 128/146 MP: 16/16
 24325 | D:11     | Gained mutation: Your flesh is cold resistant. (rC+) [mutagenic meat]
 24326 | D:11     | Gained mutation: You have an increased reservoir of magic. (+10% MP) [mutagenic meat]
 25645 | D:13     | Found Atibuuwk's Weapon Shoppe.
 26225 | D:14     | Found a gate to the Vaults.
 26747 | D:15     | Entered Level 15 of the Dungeon
 26822 | D:15     | Noticed Azrael
 26834 | D:15     | Killed Azrael
 27039 | D:15     | Found a staircase to the Depths.
 27121 | D:15     | Reached skill level 19 in Axes
 27181 | D:15     | Gained mutation: Your flesh is heat resistant. (rF+) [mutagenic meat]
 27834 | Lair:3   | Killed kr4n3x's ghost
 27918 | Lair:3   | Reached skill level 15 in Armour
 27945 | Lair:3   | Reached XP level 17. HP: 154/154 MP: 18/18
 28138 | Lair:3   | Reached skill level 15 in Fighting
 28205 | Lair:3   | Found a staircase to the Swamp.
 28519 | Snake:1  | Entered Level 1 of the Snake Pit
 28769 | Snake:1  | Found Quydari's Antique Armour Shop.
 28805 | Snake:1  | Found Vuqolong's Distillery.
 29317 | Snake:1  | Reached skill level 10 in Shields
 30492 | Snake:3  | Reached XP level 18. HP: 166/166 MP: 19/19
 31583 | Snake:4  | Entered Level 4 of the Snake Pit
 31605 | Snake:4  | Reached skill level 20 in Axes
 32877 | Snake:4  | Reached XP level 19. HP: 142/174 MP: 20/20
 33009 | Snake:4  | Got a serpentine rune of Zot
 34239 | Snake:1  | Bought a potion of agility for 56 gold pieces
 34239 | Snake:1  | Bought a potion of agility for 56 gold pieces
 34239 | Snake:1  | Bought a potion of curing for 42 gold pieces
 34239 | Snake:1  | Bought a potion of flight for 42 gold pieces
 34239 | Snake:1  | Bought a potion of agility for 56 gold pieces
 34239 | Snake:1  | Bought a potion of mutation for 112 gold pieces
 34457 | D:11     | Bought a scroll of fear for 56 gold pieces
 34495 | D:9      | Bought a potion of flight for 78 gold pieces
 34495 | D:9      | Bought a potion of might for 104 gold pieces
 34495 | D:9      | Bought a scroll of fear for 91 gold pieces
 34592 | Vaults:1 | Entered Level 1 of the Vaults
 34960 | Vaults:1 | Reached XP level 20. HP: 180/184 MP: 22/22
 35505 | Vaults:1 | Reached skill level 21 in Axes
 36764 | Vaults:2 | Reached skill level 15 in Shields
 36807 | Vaults:2 | Reached XP level 21. HP: 195/195 MP: 23/23
 37424 | Vaults:3 | Noticed Jorgrun
 37442 | Vaults:3 | Killed Jorgrun
 37449 | Vaults:3 | Found a magical portal.
 37458 | WizLab   | Entered Lehudib's Moon Base
 38120 | Vaults:3 | Found a staircase to the Crypt.
 38199 | Vaults:3 | Found a sparkling altar of Nemelex Xobeh.
 39240 | Vaults:4 | Reached XP level 22. HP: 205/205 MP: 24/24
 39790 | Vaults:4 | Noticed Frederick
 39799 | Vaults:4 | Killed Frederick
 39799 | Vaults:4 | Reached skill level 22 in Axes
 40141 | Elf:1    | Entered Level 1 of the Elven Halls
 40154 | Elf:1    | Found a ruined gateway.
 40166 | Desolati | Entered the Desolation of Salt
 40259 | Desolati | Got a smoking glass ring
 40341 | Desolati | Identified the ring of Qulodgh {rN+ Str+5 Int-5} (You found it in the Desolation of Salt)
 40360 | Desolati | Got a scintillating granite ring
 41167 | Desolati | Identified the ring of Mosupteox {rCorr rElec Dex+4 Slay+3} (You found it in the Desolation of Salt)
 41645 | Elf:1    | Found Weogocot's Food Emporium.
 41926 | Elf:1    | Reached XP level 23. HP: 215/215 MP: 25/25
 42158 | Elf:2    | Found a runed gate.
 42158 | Elf:2    | Found a runed gate.
 42159 | Elf:2    | Found a runed gate.
 43090 | Elf:3    | Entered Level 3 of the Elven Halls
 43570 | Elf:3    | Noticed Roxanne
 43588 | Elf:3    | Killed Roxanne
 43589 | Elf:3    | Identified Roxanne's Almanac of Moulding (You took it off Roxanne on level 3 of the Elven Halls)
 43684 | Elf:3    | Noticed Saint Roka
 43701 | Elf:3    | Killed Saint Roka
 43961 | Elf:3    | Noticed Louise
 44001 | Elf:3    | Killed Louise
 44031 | Elf:3    | Got a faintly glowing lapis lazuli ring
 44032 | Elf:3    | Got an ichor-stained large shield
 44044 | Elf:3    | Identified the +6 large shield of Submission {-Cast Dex+3} (You took it off Louise on level 3 of the Elven Halls)
 44047 | Elf:3    | Got a crude demon whip {freeze}
 44048 | Elf:3    | Identified the +10 demon whip of Syguull {freeze, +Inv rElec Int+6} (You took it off a deep elf annihilator on level 3 of the Elven Halls)
 44051 | Elf:3    | Identified the ring "Tupepneg" {+Inv rElec MR+ Stlth+} (You took it off a deep elf annihilator on level 3 of the Elven Halls)
 44113 | Elf:3    | Gained mutation: Armour fits poorly on your strangely shaped body. [a neqoxec]
 44325 | Elf:3    | Reached XP level 24. HP: 226/226 MP: 25/25
 44471 | Elf:3    | Identified the +1 chain mail "Zugemnil" {rC+ Str+2} (You found it on level 3 of the Elven Halls)
 44514 | Elf:3    | Got a pitted ivory ring
 44861 | Elf:3    | Identified the ring of the Blind Eye {Wiz rElec Slay+3} (You took it off a deep elf demonologist on level 3 of the Elven Halls)
 45093 | Depths:1 | Entered Level 1 of the Depths
 45124 | Depths:1 | Reached skill level 23 in Axes
 45150 | Depths:1 | Found a gateway to a ziggurat.
 45157 | Depths:1 | Found a gateway to Hell.
 46342 | Depths:2 | Noticed a caustic shrike
 46360 | Depths:2 | Killed a caustic shrike
 46440 | Depths:2 | Noticed a juggernaut
 46450 | Depths:2 | Reached XP level 25. HP: 146/235 MP: 25/25
 46459 | Depths:2 | Killed a juggernaut
 46487 | Depths:2 | HP: 9/235 [Hell Sentinel/damnation[a deep elf demonologist] (34)]
 46489 | Depths:2 | HP: 4/235 [???[a deep elf demonologist] (2)]
 46930 | Depths:2 | Identified Foihah's Handbook of Intoxication and Creation
 47147 | Depths:2 | Noticed a caustic shrike
 47156 | Depths:2 | Killed a caustic shrike
 47599 | Depths:2 | Found a one-way gate leading to the halls of Pandemonium.
 48014 | Depths:3 | HP: 11/237 [something (12)]
 48015 | Depths:3 | HP: 5/237 [something (7)]
 48016 | Depths:3 | HP: 1/237 [something (4)]
 48017 | Depths:3 | Noticed Mara
 48017 | Depths:3 | Engulfed by a cloud of flame

Vault maps used:
D:1:      tarquinn_simple_flora_water_e
D:2:      minmay_misc_feat_more_columns
D:3:      gammafunk_temple_overflow_elements, first_bread, doesnt_xom_only_xom,
          uniq_robin
D:4:      overflow_temple_1_default, minitemple, uniq_eustachio, uniq_iyjb,
          uniq_edmund, uniq_blork_the_orc
D:5:      minmay_small_thing
D:6:      temple_statues
D:7:      hangedman_abyss_or_decor_lesser_grid, grunt_livestock, uniq_pikel
D:8:      uniq_joseph
D:9:      makhleb_grotto_becter, erik_lair_dragon,
          kennysheep_orc_monster_closet_entryway, serial_shops, shop
D:10:     uniq_grum, uniq_urug
D:11:     serial_shops, bzr_entry_gold, nicolae_shop_statue_plus, uniq_snorg
D:13:     serial_shops, nicolae_shop_stone, minivault_7
D:14:     minmay_wavy_crystal, serial_glass, glass_columns_b, glass_columns_c,
          glass_columns_a, glass_columns_a, glass_columns_b, glass_columns_a,
          glass_columns_b, glass_columns_a, hangedman_decor_diamond_cutter,
          kennysheep_generic_room_15
D:15:     hangedman_depths_entry_civil_slaughter, serial_corexii_hall,
          corexii_hall_statues_i, corexii_hall_statues_x,
          corexii_hall_statues_u, hangedman_decor_riveting, feat_on_display,
          uniq_azrael
Temple:   eino_narrow_crystal_temple
Lair:1:   minmay_lair_oklob_chamber, grunt_megastairs_1, uniq_nergalle
Lair:2:   cheibrodos_lair_river_kwai, beast_lair_carwin_7, uniq_gastronok
Lair:3:   nicolae_swamp_entry_splash_gauntlet,
          minmay_snake_entry_guardpost_small, lemuel_fruit_tree
Lair:4:   lemuel_fruit_fields, infiniplex_staircase_pool
Lair:5:   minmay_slime_entry_pillars, nicolae_quartered_pool_medium,
          beast_lair_carwin_6, uniq_rupert
Lair:6:   guppyfry_lair_end_dragon, hangedman_lair_tendril_chambers
Snake:1:  hangedman_snake_sidewinding, minmay_shoptagon
Snake:2:  serial_bayou_crossing, grunt_megastairs_4
Snake:4:  grunt_snake_rune_spirals, guppyfry_snake_island
Orc:2:    st_orc_open, abandoned_shop, nicolae_orc_lava_tube
Elf:1:    serial_shops, nicolae_shop_crystal,
          portal_desolation_entry_twin_temple, evilmike_minifort
Elf:2:    st_stairs_13, serial_sigils_hangedman_scratch
Elf:3:    minmay_elf_hall_curves, uniq_louise, uniq_roxanne, uniq_saint_roka
Vaults:1: hangedman_vaults_corner, vaults_dpeg_doors, v_alt_pattern_1,
          v_pattern_3, hangedman_vaults_restitches, v_misc_26,
          vaults_room_corners, ontoclasm_vaults_eye,
          nicolae_vaults_circle_grid_b, ontoclasm_vaults_claustrophobia,
          nicolae_vaults_ring_of_whatevers, nicolae_vaults_rhombus_6,
          ontoclasm_vaults_decontamination
Vaults:2: v_misc_17, nicolae_vaults_quartermaster,
          nicolae_vaults_diagonal_hallway_9, nicolae_vaults_specimen_jars,
          hangedman_vaults_stretched_pinwheel, ontoclasm_vaults_shuriken,
          v_misc_11, vaults_room_fours, vaults_room_fours
Vaults:3: ontoclasm_vaults_tryst, v_pattern_1, nicolae_vaults_little_squares_1,
          nicolae_vaults_little_ls, nicolae_vaults_yaktaur_gun_rack,
          ontoclasm_vaults_ring_large, dpeg_vaults_monster_box,
          nicolae_vaults_windows_and_doors_thing, v_misc_2,
          blue_anna_dwarven_crypt, vaults_mumra_minichess,
          vaults_room_door_ring, mu_enter_wizlab_7, basic_altar, uniq_jorgrun
Vaults:4: ontoclasm_vaults_twist, v_rooms_3, hangedman_vaults_capsules,
          v_misc_33, nicolae_vaults_three_branches, vaults_room_ringed_pool,
          vaults_dpeg_spiral, v_misc_17, hangedman_vaults_restitches,
          nicolae_vaults_network_barrier, v_misc_22, uniq_frederick
Depths:1: enter_ziggurat_f, hell_entry, corexii_hall_statues_u,
          minmay_the_grid_square_5x5_3x3, grunt_megastairs_2,
          infiniplex_staircase_pool_lava, firewood_loft, serial_bayou_shore_a
Depths:2: hangedman_box_tower, hell_entry, grunt_pan_entry_sceptre
Depths:3: kennysheep_ogre_elephant_herders, pan_entry, kennysheep_flooded_box,
          pf_hell_entry_great_geh, minmay_librarian,
          infiniplex_staircase_zigzag_4, uniq_mara
Bazaar:   bazaar_short_row
WizLab:   wizlab_lehudib

Skill      XL: |  1  2  3  4  5  6  7  8  9 10 11 12 13 14 15 16 17 18 19 20 21 22 23 24 25 |
---------------+----------------------------------------------------------------------------+-----
Shields        | 4 5 6 8 9 11 12 13 15 16 17 18 19 20 | 20.1
Axes           | 3 4 5 7 9 11 12 14 15 16 18 19 20 21 22 23 | 23.6
Fighting       | 4 5 7 9 10 11 12 14 15 16 17 18 19 20 21 | 21.8
Armour         | 4 5 7 9 10 11 13 14 15 16 17 18 19 20 21 | 21.7

Action                   |  1- 3 |  4- 6 |  7- 9 | 10-12 | 13-15 | 16-18 | 19-21 | 22-24 | 25-27 || total
-------------------------+-------+-------+-------+-------+-------+-------+-------+-------+-------++-------
Melee: War axe           |    90 |   205 |   330 |   270 |       |       |       |       |       ||   895
       Battleaxe         |       |       |       |   569 |  1031 |  1248 |  1156 |  1426 |   275 ||  5705
       Unarmed           |       |       |       |     8 |       |       |       |       |       ||     8
       Scimitar          |       |       |       |       |    42 |       |       |       |       ||    42
 Abil: Dig               |       |     2 |     8 |    13 |    14 |     2 |       |     3 |       ||    42
Evoke: Wand              |       |       |     4 |       |     4 |       |       |       |       ||     8
  Use: Scroll            |       |     3 |     5 |    12 |     8 |     2 |     2 |    10 |     4 ||    46
       Potion            |       |       |     1 |       |     6 |     2 |       |       |       ||     9
 Stab: Distracted        |       |       |       |       |       |       |       |     2 |     1 ||     3
  Eat: Chunk             |     2 |     5 |    13 |    13 |    24 |    14 |     6 |     6 |       ||    83
       Meat ration       |       |       |       |     4 |     2 |     3 |     1 |     3 |     1 ||    14
       Bread ration      |       |       |       |       |       |     1 |     2 |     1 |     1 ||     5
Armor: Scale mail        |    45 |    54 |     7 |       |       |       |       |       |       ||   106
       Chain mail        |       |       |    36 |    30 |   116 |       |       |    83 |       ||   265
       Skin              |       |       |    30 |       |       |       |       |       |       ||    30
       Plate armour      |       |       |    16 |   161 |   218 |   313 |   146 |    76 |    45 ||   975
Dodge: Dodged            |    24 |    63 |   143 |   377 |   590 |   584 |   187 |   206 |    54 ||  2228
Block: Shield            |    52 |   112 |   180 |   452 |   589 |   976 |    27 |       |       ||  2388
       Reflection        |       |       |       |       |       |    97 |   113 |   166 |    27 ||   403
       Large shield      |       |       |       |       |       |       |   959 |  1153 |   295 ||  2407
       Rpst.: Scimitar   |       |       |       |       |     4 |       |       |       |       ||     4
